 Dungeon Crawl Stone Soup version 0.17-a0-2101-g0c122e7 (webtiles) character file.

209 septik the Magician (level 5, -3/35 HPs)
             Began as a Mummy Wizard on Oct 18, 2015.
             Was an Initiate of Sif Muna.
             Slain by a black bear (7 damage)
             ... on level 5 of the Dungeon.
             The game lasted 00:33:27 (7524 turns).

septik the Magician (Mummy Wizard)                  Turns: 7524, Time: 00:33:28

Health: -3/35      AC:  2    Str: 11    XL:     5   Next: 55%
Magic:  1/11       EV: 12    Int: 18    God:    Sif Muna [......]
Gold:   50         SH:  0    Dex: 10    Spells: 3 memorised, 6 levels left

rFire  x . .     SeeInvis .     l - +0 quarterstaff
rCold  + . .     Clarity  .     a - +0 robe
rNeg   + + +     SustAt   .     (no shield)
rPois  ∞         Gourm    .     o - +0 helmet
rElec  .         Spirit   .     (no cloak)
rCorr  .         Warding  .     p - +1 pair of gloves
rMut   .         Stasis   .     (no boots)
MR     .....                    (no amulet)
Stlth  ++........               s - -3 ring of protection
                                (no ring)

@: not resistant to hostile enchantments, unstealthy
A: no food or potions, fire vulnerability, cold resistance 1, negative energy
resistance 3, torment resistance, unbreathing
a: Renounce Religion


You were on level 5 of the Dungeon.
You worshipped Sif Muna.
Sif Muna was noncommittal.
You were not hungry.

You visited 1 branch of the dungeon, and saw 5 of its levels.

You collected 154 gold pieces.
You spent 104 gold pieces at shops.

Inventory:

Hand Weapons
 e - a +0 club
 i - a +0 whip
 l - a +0 quarterstaff (weapon)
Missiles
 g - 215 stones (quivered)
Armour
 a - a +0 robe (worn)
 b - a +0 hat
 o - a +0 helmet (worn)
 p - a +1 pair of gloves (worn)
Jewellery
 n - an uncursed ring of ice
 s - a -3 ring of protection (right hand)
Wands
 r - a wand of fire (8)
 t - a wand of cold (7)
Scrolls
 d - 4 scrolls of remove curse
 h - 3 scrolls of identify
 j - a scroll of recharging
 m - a scroll of enchant armour
 q - 3 scrolls of blinking {unknown}
Books
 c - a book of Minor Magic

   Spells                             Type                      Level
   a - Magic Dart                     Conjuration                  1
   b - Blink                          Translocation                2
   c - Call Imp                       Summoning                    2
   d - Repel Missiles                 Charms/Air                   2
   e - Slow                           Hexes                        2
   f - Conjure Flame                  Conjuration/Fire             3
   g - Mephitic Cloud                 Conjuration/Poison/Air       3


   Skills:
 - Level 1.5 Dodging
 - Level 1.5 Stealth
 + Level 4.1 Spellcasting
 * Level 2.4 Conjurations
 - Level 2.8 Summonings
   Level 0.7 Translocations


You had 6 spell levels left.
You knew the following spells:

 Your Spells              Type           Power        Failure   Level  Hunger
a - Magic Dart            Conj           ##..         6%          1    N/A
b - Call Imp              Summ           ##......     10%         2    N/A
c - Mephitic Cloud        Conj/Pois/Air  #.......     34%         3    N/A

Dungeon Overview and Level Annotations

Branches:
Dungeon (5/15)             Temple (0/1) D:5

Altars:
Ashenzari
Sif Muna
Zin

Shops:
D:4 (   D:5 }

Annotations:
D:4 exclusion: phantom


Innate Abilities, Weirdness & Mutations

You do not eat or drink.
Your flesh is vulnerable to fire.
You are immune to poison.
Your flesh is cold resistant.
You are immune to negative energy.
You are immune to unholy pain and torment.
You can survive without breathing.


Message History

As you read the scroll of teleportation, it crumbles to dust.
You feel strangely unstable. The black bear barely misses you.
The black bear claws you. The black bear closely misses you.
The black bear closely misses you. The black bear claws you.
The black bear claws you.
Your surroundings suddenly seem different.
You hear an angry growl.
The black bear bites you but does no damage.
The black bear closely misses you. The black bear claws you.
The black bear bites you. The black bear claws you. The black bear claws you.
* * * LOW HITPOINT WARNING * * *
The black bear bites you.
* * * LOW HITPOINT WARNING * * *
The black bear completely misses you. x2
Read which item? (? for menu, Esc to quit)
As you read the scroll of fear, it crumbles to dust.
You assume a fearsome visage.
Your crimson imp is unaffected.
The black bear bites you!
You die...

*,* *,* ***,****
*,,,,,,* ########
*,,,∩,,* #.....<#
*,,,,,,* #...####
***,**** ######.#.#
*##+######........#
*...........#.#.@.#
*..........#...#h##
*.......5#...∩...#
,...(....#.#..5#.#
,........#..#.#..#
,.).(............#
,..............###
,........#######
,......%.#


You could see a black bear (berserk) and a friendly crimson imp.

Vanquished Creatures
  2 adders (D:2)
  A worm (D:3)
  6 bats
  2 giant cockroaches
  5 hobgoblins
  A jackal (D:2)
  3 kobolds
  A ball python (D:1)
  3 giant geckos (D:1)
  6 giant newts
  7 goblins
  6 rats
43 creatures vanquished.

Vanquished Creatures (collateral kills)
  A worker ant (D:4)
  A hound (D:4)
  Natasha (thrice) (D:4)
  A hound skeleton (D:4)
  6 gnolls
  6 adders
  2 oozes
  2 worms (D:2)
  5 orcs (D:4)
  2 ball pythons (D:2)
  A bat (D:2)
  2 goblins (D:3)
  4 hobgoblins
  8 jackals
  4 kobolds
  2 giant cockroaches (D:3)
  2 rats (D:1)
52 creatures vanquished.

Grand Total: 95 creatures vanquished

Notes
Turn   | Place    | Note
--------------------------------------------------------------
     0 | D:1      | septik the Mummy Wizard began the quest for the Orb.
     0 | D:1      | Reached XP level 1. HP: 13/13 MP: 4/4
   380 | D:1      | Reached skill level 1 in Conjurations
   438 | D:1      | Reached XP level 2. HP: 17/19 MP: 3/6
   442 | D:1      | Learned a level 2 spell: Call Imp
  1267 | D:1      | Reached XP level 3. HP: 24/24 MP: 0/8
  1571 | D:1      | Reached skill level 1 in Summonings
  3411 | D:2      | Reached XP level 4. HP: 11/30 MP: 5/9
  4490 | D:3      | Learned a level 3 spell: Mephitic Cloud
  5459 | D:3      | Reached XP level 5. HP: 25/35 MP: 2/10
  5717 | D:3      | Found a shattered altar of Ashenzari.
  5717 | D:3      | Found a glowing silver altar of Zin.
  6047 | D:4      | Found Qoreajad's Antique Weapon Shop.
  6181 | D:4      | Reached skill level 4 in Spellcasting
  6263 | D:4      | Noticed Natasha
  6272 | D:4      | Killed Natasha
  6370 | D:4      | Noticed Natasha
  6393 | D:4      | Killed Natasha
  6493 | D:4      | Noticed a phantom
  6790 | D:4      | Noticed Natasha
  6805 | D:4      | Killed Natasha
  7190 | D:4      | Found a deep blue altar of Sif Muna.
  7193 | D:4      | Became a worshipper of Sif Muna the Loreminder
  7287 | D:4      | Noticed a phantom
  7478 | D:5      | Entered Level 5 of the Dungeon
  7482 | D:5      | Found Oqutwog's Quality Used Wands.
  7496 | D:5      | Bought a wand of fire (0) for 104 gold pieces
  7500 | D:5      | Noticed a black bear
  7524 | D:5      | Slain by a black bear

Vault maps used:
D:1:      dpeg_arrival_signposts, minmay_misc_feat_four_crosses
D:2:      minmay_bisected
D:3:      gammafunk_temple_overflow_wave
D:4:      serial_shops, shop, first_bread, lemuel_blue_sif_altar, uniq_natasha
D:5:      minmay_temple_entry_nine_rooms, serial_shops, shop,
          portal_sewer_entry_b, nicolae_for_you_no_charge, uniq_blork_the_orc

Action                   |  1- 3 |  4- 6 || total
-------------------------+-------+-------++-------
Melee: Club              |    12 |       ||    12
       Whip              |    14 |       ||    14
       Quarterstaff      |    11 |    10 ||    21
Throw: Stone             |     7 |     3 ||    10
 Cast: Magic Dart        |    57 |    13 ||    70
       Call Imp          |    32 |   114 ||   146
  Use: Scroll            |       |    10 ||    10
 Stab: Distracted        |     1 |       ||     1
